 Seeded DCSS version 0.30.0-30-g96aa6591b8 (webtiles) character file.

Game seed: 5262528099854255737 (custom seed)

158 CInkIbrahim the Slasher (level 5, 26/26 HPs)
             Began as a Vine Stalker Gladiator on June 28, 2023.
             Quit the game on level 2 of the Dungeon.
             The game lasted 00:02:48 (1617 turns).

CInkIbrahim the Slasher (Vine Stalker Gladiator)    Turns: 1617, Time: 00:02:49

Health: 26/26      AC:  9    Str: 17    XL:     5   Next: 39%
Magic:  6/6        EV: 11    Int:  8    God:
Gold:   45         SH:  0    Dex: 17    Spells: 4/4 levels left

rFire   + . .        b - +0 short sword (vamp)
rCold   . . .        (no shield)
rNeg    . . .        k - +1 ring mail {rF+}
rPois   .            c - +0 helmet
rElec   .            m - +1 cloak
rCorr   .            (no gloves)
SInv    .            (no boots)
Will    .....        (no amulet)
Stlth   +            (no ring)
HPRegen 1.04/turn    (no ring)
MPRegen 0.10/turn

%: guardian spirit
@: no status effects
A: fangs 2, regeneration 1, magic shield, antimagic bite, no potion heal 2
a: no special abilities


You were on level 2 of the Dungeon.
You visited 1 branch of the dungeon, and saw 2 of its levels.

You collected 216 gold pieces.
You spent 171 gold pieces at shops.

Inventory:

Hand Weapons
 a - a +0 long sword
 b - a +0 vampiric short sword (weapon)
Missiles
 d - 3 throwing nets (quivered)
 e - a javelin
Armour
 c - a +0 helmet (worn)
 h - a +0 leather armour
 j - a +0 kite shield
 k - a +1 ring mail of fire resistance (worn)
 m - a +1 cloak (worn)
 p - the +6 scale mail of the Sturgeon {MP-9 Dex+5}
   (You bought it in a shop on level 2 of the Dungeon)

   Dex:       It affects your dexterity (+5).
   MP:        It affects your magic capacity (-9).
Jewellery
 i - a ring of poison resistance
 o - a +6 ring of strength
Scrolls
 q - a scroll of teleportation {unknown}
Potions
 f - a potion of haste {unknown}
 g - 2 potions of might {unknown}
 l - 2 potions of curing {unknown}
 n - a potion of heal wounds {unknown}


   Skills:
 - Level 1.7 Fighting
 + Level 5.4 Long Blades
 - Level 1.7 Throwing
 - Level 2.4 Dodging


You had 4 spell levels left.
You didn't know any spells.
Your spell library contained the following spells:

 Spells                   Type           Power      Damage    Failure   Level
 Apportation              Tloc           0%         N/A       63%         1
 Necrotise                Necr           0%         1d4       63%         1
 Summon Small Mammal      Summ           0%         N/A       63%         1


Dungeon Overview and Level Annotations

Branches:
Dungeon (2/15)

Altars:

Shops:
D:1 :   D:2 [


Innate Abilities, Weirdness & Mutations

You have extremely sharp teeth.
Your natural rate of healing is unusually fast.
When hurt, damage is shared between your health and your magic reserves.
Your bite disrupts and absorbs the magic of your enemies.
Potions cannot restore your health.


Message History

There is an open door here.
There is a stone staircase leading up here.
There is an open door here.
There is a fountain of clear blue water here.
There is an open door here.
The kobold shouts!
The kobold throws a poisoned dart.
The poisoned dart closely misses you.
The kobold throws a poisoned dart.
The poisoned dart hits you!
You are poisoned.
You feel sick.
You barely miss the kobold. Your bite misses the kobold.
You feel sick. The kobold hits you but does no damage.
You barely miss the kobold.
You feel sick. The kobold barely misses you.
You hit the kobold.
You feel better.
The kobold is heavily wounded.
You feel sick. The kobold barely misses you.
You hit the kobold but do no damage.
The kobold is moderately wounded.
You feel sick.
You barely miss the kobold.
The kobold is moderately wounded.
You feel sick. The kobold hits you but does no damage.
You hit the kobold but do no damage. The kobold hits you but does no damage.
You hit the kobold.
You feel better.
Your punch misses the kobold.
The kobold is severely wounded.
You feel sick.
You are no longer poisoned.
The kobold hits you with a +0 dagger.
You closely miss the kobold.
The kobold is severely wounded.
The kobold closely misses you.
You hit the kobold.
You kill the kobold!
Things that are here:
a +0 dagger; 4 poisoned darts; a kobold corpse Search for what [Enter for "."]? .
You see here a rat corpse.
You see here an adder skeleton.
There is an entrance to Dobing's Antique Armour Boutique here.
Are you sure you want to abandon this character and quit the game? (Confirm with "yes".)

#.# #.# #.####.# #.#
#.# #.# #.# #.# #.#
#.# #.# #.# #># #.#
#.# ###.# #.###.# #.#
#...#######.....####.#
#.#.......###..≈≈≈##.#
#.#######.....~≈~≈≈..#
#.# #####...@≈≈### #.#
#.~≈≈≈≈# #.# #..≈≈≈.#
#.# ##÷###.# ..# #.#
#.# ..# #.# #.# .##
#.# #.# ## #.# #.# #
#.# #.#


There were no monsters in sight!

Vanquished Creatures
  A phantom (D:2)
  4 adders (D:2)
  2 dart slugs
  2 bats (D:1)
  5 endoplasms
  A giant cockroach (D:1)
  2 jackals (D:1)
  A quokka (D:1)
  3 ball pythons
  2 frilled lizards
  9 goblins
  3 kobolds
  6 rats
41 creatures vanquished.

Notes
Turn   | Place    | Note
-------+----------+-------------------------------------------
     0 | D:1      | CInkIbrahim the Vine Stalker Gladiator began the quest for
                  | the Orb.
     0 | D:1      | Reached XP level 1. HP: 11/11 MP: 2/2
   101 | D:1      | Reached skill level 3 in Long Blades
   104 | D:1      | Reached XP level 2. HP: 15/15 MP: 1/3
   258 | D:1      | Found Zojak's Book Boutique.
   440 | D:1      | Reached XP level 3. HP: 16/18 MP: 2/4
   760 | D:2      | Reached skill level 4 in Long Blades
   917 | D:2      | Identified a scroll of acquirement
   917 | D:2      | Acquired the +6 Majin-Bo {spellvamp, MP+6 Int+6}
   917 | D:2      | Found the +6 Majin-Bo {spellvamp, MP+6 Int+6}
   997 | D:2      | Noticed a phantom
  1015 | D:2      | Gained mutation: Your natural rate of healing is unusually
                  | fast. [Vine Stalker growth]
  1015 | D:2      | Reached XP level 4. HP: 23/23 MP: 5/5
  1059 | D:2      | Killed a phantom
  1060 | D:2      | Reached skill level 5 in Long Blades
  1060 | D:2      | Reached XP level 5. HP: 26/26 MP: 4/6
  1261 | D:2      | Found Dobing's Antique Armour Boutique.
  1281 | D:2      | Bought a dazzling scale mail for 171 gold pieces
  1281 | D:2      | Identified the +6 scale mail of the Sturgeon {MP-9 Dex+5}
                  | (You bought it in a shop on level 2 of the Dungeon)
  1617 | D:2      | Quit the game

Illustrated notes

Levels and vault maps discovered:
D:1:      scummos_arrival_simple_crosswalls, layout_basic, serial_shops, shop,
          skrybe_limestone_x
D:2:      layout_loops_ring, serial_shops, nicolae_shop_waterfront,
          grunt_ministairs_15, kennysheep_path_1, guppyfry_early_lair_pool

Skill      XL: |  1  2  3  4 |
---------------+-------------+-----
Long Blades    | 3 4 5 |  5.4
Fighting       | |  1.7
Throwing       | |  1.7
Dodging        | |  2.4

Action                     |  1- 3 |  4- 6 || total
---------------------------+-------+-------++-------
  Melee: Long sword        |    23 |       ||    23
         Bite              |    27 |    19 ||    46
         Short sword       |    68 |    71 ||   139
         Punch             |       |     2 ||     2
    Use: Scroll            |     3 |       ||     3
 Armour: Leather armour    |    12 |       ||    12
         Ring mail         |    18 |    32 ||    50
  Dodge: Dodged            |    39 |    34 ||    73
